Sasquatch vs Senators
(R1)
Created - 19 avril 2014 at 19:26
Goals
|
| Sasquatch |
1 |
2 |
1 |
4 |
| Senators |
2 |
4 |
0 |
6 |
|
Shots
|
| Sasquatch |
7 |
10 |
13 |
30 |
| Senators |
10 |
17 |
8 |
35 |
|
1st period
1. Senators , Nikolai Kulemin 2 (Ryan Parent) at 8:21
2. Sasquatch , Kevin Porter 4 (Jakub Voracek) at 11:18
3. Senators , Gilbert Brule 6 (Niklas Hagman, Stanislav Chistov) at 14:44 (PP)
Penalties :
Rostislav Klesla (Gat) for Tripping (Minor) at 2:00, Ryan Parent (BIN) for High sticking (Minor) at 4:22, Jakub Voracek (Gat) for Tripping (Minor) at 14:28
2nd period
4. Senators , Gilbert Brule 7 (Stanislav Chistov) at 0:22
5. Senators , Nikolai Kulemin 3 (Andrew Murray) at 2:40
6. Senators , Gilbert Brule 8 (Niklas Hagman, Stanislav Chistov) at 3:58
7. Sasquatch , Chad Kilger 3 (Kevin Shattenkirk) at 12:26 (PP)
8. Sasquatch , Matt Niskanen 1 (Jarkko Ruutu) at 13:27
9. Senators , Stanislav Chistov 2 (Gilbert Brule, Niklas Hagman) at 18:23
Penalties :
Matt Niskanen (Gat) for Hooking (Minor) at 5:01, Milan Jurcina (BIN) for Hooking (Minor) at 12:11, Milan Jurcina (BIN) for Roughing (Minor) at 14:13
3rd period
10. Sasquatch , Kevin Shattenkirk 2 (Cody Franson) at 7:30 (PP)
Penalties :
Logan Stephenson (BIN) for Hooking (Minor) at 7:21, Niklas Hagman (BIN) for Holding (Minor) at 9:04, Clayton Stoner (BIN) for Cross-checking (Minor) at 12:07, Gilbert Brule (BIN) for High sticking (Minor) at 15:02
Goalie Stats
Cory Schneider (Gat), 12 saves from 16 shots - (0,750), 22:40 minutes
Anders Lindback (Gat), 17 saves from 19 shots - (0,895), L, 0-1-0, 37:20 minutes
Jeff Deslauriers (BIN), 26 saves from 30 shots - (0,867), W, 2-1-1, 60:00 minutes
Players Stats for Sasquatch
Player Name G A P +/- PIM S H SB GA TA FO MP PP MP PK MP
------------------------------------------------------------------------------------
Andrew Gordon 0 0 0 1 0 0 1 0 0 0 1/1 11:13 0:10 0:00
Chad Kilger 1 0 1 0 0 4 1 1 3 1 0/1 17:41 5:30 0:30
Cody Franson 0 1 1 -1 0 0 1 0 1 2 0/0 24:52 5:33 2:02
D.J King 0 0 0 -3 0 4 3 2 2 0 2/2 20:46 4:39 1:16
Derek Stepan 0 0 0 0 0 0 0 0 0 0 2/6 16:24 4:39 0:00
Jake Gardiner 0 0 0 -2 0 2 2 0 0 2 0/0 25:44 4:46 0:33
Jakub Voracek 0 1 1 -3 2 3 1 0 0 0 1/2 20:06 5:30 0:00
Jarkko Ruutu 0 1 1 1 0 3 1 0 0 1 0/1 13:45 0:24 2:49
Jiri Novotny 0 0 0 -1 0 3 1 0 0 0 4/5 10:01 0:00 1:01
John McCarthy 0 0 0 -1 0 1 0 0 0 0 0/0 7:47 0:00 0:00
Keith Yandle 0 0 0 -1 0 0 2 2 0 0 0/0 16:39 4:46 0:44
Kevin Porter 1 0 1 -3 0 4 3 0 0 1 25/44 22:41 5:16 2:52
Kevin Shattenkirk 1 1 2 0 0 3 4 1 1 0 0/0 22:39 5:33 3:06
Konstantin Pushkarev 0 0 0 -1 0 2 1 0 1 0 0/0 9:02 0:10 0:00
Krys Kolanos 0 0 0 1 0 0 0 0 0 0 4/8 9:50 0:00 0:00
Matt Ellison 0 0 0 0 0 0 2 0 0 0 2/2 16:24 4:39 0:00
Matt Niskanen 1 0 1 -1 2 1 1 2 1 0 0/0 18:42 0:00 1:42
Rostislav Klesla 0 0 0 -1 2 0 0 0 0 1 0/0 11:27 0:00 0:21
Players Stats for Senators
Player Name G A P +/- PIM S H SB GA TA FO MP PP MP PK MP
------------------------------------------------------------------------------------
Andrew Murray 0 1 1 2 0 1 3 0 0 0 7/14 15:27 0:00 2:55
Brett Sterling 0 0 0 0 0 1 0 0 0 0 0/0 11:17 0:00 2:54
Clayton Stoner 0 0 0 0 2 0 2 2 0 0 0/0 12:42 0:00 0:39
Cody Hodgson 0 0 0 0 0 0 0 0 1 0 1/5 6:58 0:00 0:00
Erik Karlsson 0 0 0 0 0 2 0 1 0 0 0/0 12:45 0:00 1:32
Gilbert Brule 3 1 4 2 2 6 2 2 0 2 16/39 23:58 3:02 4:25
Jack Skille 0 0 0 2 0 1 0 0 1 0 0/0 12:00 0:00 0:00
Jason King 0 0 0 0 0 1 1 0 1 0 0/0 8:05 0:00 0:00
Josh Hennessy 0 0 0 -1 0 3 1 0 2 0 5/7 11:46 1:12 1:22
Logan Stephenson 0 0 0 2 2 1 3 2 0 0 0/0 21:51 2:29 4:09
Milan Jurcina 0 0 0 2 4 2 0 1 0 1 0/0 20:57 2:29 3:16
Niklas Hagman 0 3 3 2 2 4 0 0 0 1 0/1 23:42 3:02 4:18
Nikolai Kulemin 2 0 2 2 0 2 0 0 0 0 0/1 15:34 1:12 2:42
Ryan Parent 0 1 1 1 2 3 1 0 1 2 0/0 26:28 1:45 4:54
Stanislav Chistov 1 3 4 2 0 8 1 2 2 2 2/5 20:12 3:02 2:02
Steven Goertzen 0 0 0 -1 0 0 1 1 0 0 0/0 10:01 1:12 0:00
Travis Moen 0 0 0 -1 0 0 1 0 0 0 0/0 8:58 0:00 0:00
Vladimir Mihalik 0 0 0 1 0 0 0 2 0 1 0/0 26:53 1:45 6:08
3 Stars
1 - Gilbert Brule (BIN)
2 - Stanislav Chistov (BIN)
3 - Nikolai Kulemin (BIN)
Power Play
Sasquatch - 2 on 7 Attempt(s) - 28,57%
Senators - 1 on 3 Attempt(s) - 33,33%
Penalty Kill
Sasquatch - 2 on 3 Attempt(s) - 66,67%
- Score 0 goal in Penalty Kill
Senators - 5 on 7 Attempt(s) - 71,43%
- Score 0 goal in Penalty Kill
Official
Referees : Martell Rob and Devorski Paul
Linesman : Scott Driscoll and Greg Devorski
Game Notes
Anders Lindback enters game at 2:40 of 2nd period
Gilbert Brule has scored a Hat Trick!
Finance
Level 1 -- Attendance: 1826 (91,30%) -- Ticket Income 63 910 $
Level 2 -- Attendance: 875 (87,50%) -- Ticket Income 13 125 $
Total Attendance: 2701 (90,03%)
Total Ticket Income: 77 035 $
Other Income: 3 852 $
Total Income: 80 887 $
Sasquatch
5 vs 5 Forward
Center Left Wing Right Wing Time % Phy DF OF
1 Kevin Porter D.J King Jakub Voracek 40 1 2 2
2 Derek Stepan Chad Kilger Matt Ellison 30 1 2 2
3 Krys Kolanos Jarkko Ruutu Andrew Gordon 20 1 2 2
4 Jiri Novotny John McCarthy Konstantin Pushkarev 10 1 2 2
5 vs 5 Defense
Defense Defense Time % Phy DF OF
1 Cody Franson Jake Gardiner 40 1 2 2
2 Kevin Shattenkirk Matt Niskanen 30 1 2 2
3 Keith Yandle Rostislav Klesla 20 1 2 2
4 Jake Gardiner Matt Niskanen 10 1 2 2
PowerPlay Forward
Center Left Wing Right Wing Time % Phy DF OF
1 Kevin Porter Chad Kilger Jakub Voracek 60 1 2 2
2 Derek Stepan D.J King Matt Ellison 40 1 2 2
PowerPlay Defense
Defense Defense Time % Phy DF OF
1 Kevin Shattenkirk Cody Franson 60 1 2 2
2 Keith Yandle Jake Gardiner 40 1 2 2
Penalty Kill 4 Players Forward
Center Wing Time % Phy DF OF
1 Kevin Porter Jarkko Ruutu 60 1 2 2
2 Jiri Novotny D.J King 40 1 2 2
Penalty Kill 4 Players Defense
Defense Defense Time % Phy DF OF
1 Kevin Shattenkirk Matt Niskanen 60 1 2 2
2 Cody Franson Jake Gardiner 40 1 2 2
Penalty Kill - 3 Players Forward
Forward Time % Phy DF OF
1 Kevin Porter 60 1 2 2
2 Jiri Novotny 40 1 2 2
Penalty Kill - 3 Players Defense
Defense Defense Time % Phy DF OF
1 Kevin Shattenkirk Matt Niskanen 60 1 2 2
2 Rostislav Klesla Jake Gardiner 40 1 2 2
4 vs 4 Forward
Center Wing Time % Phy DF OF
1 Kevin Porter Jakub Voracek 60 1 2 2
2 Krys Kolanos D.J King 40 1 2 2
4 vs 4 Defense
Defense Defense Time % Phy DF OF
1 Kevin Shattenkirk Cody Franson 60 1 2 2
2 Keith Yandle Jake Gardiner 40 1 2 2
Last Minutes Offensive
Center Left Wing Right Wing Defense Defense
Kevin Porter D.J King Jakub Voracek Cody Franson Kevin Shattenkirk
Last Minutes Defensive
Center Left Wing Right Wing Defense Defense
Kevin Porter D.J King Andrew Gordon Jake Gardiner Cody Franson
Goaltenders
Starting : Cory Schneider
Backup : Anders Lindback
Extra Forwards
Normal : Jiri Novotny, Konstantin Pushkarev, Jakub Voracek - PP : Jarkko Ruutu, Konstantin Pushkarev - PK : Chad Kilger
Extra Defensemen
Normal : Rostislav Klesla, Cody Franson, Jake Gardiner - PP : Matt Niskanen - PK : Cody Franson, Keith Yandle
Penalty Shots
Chad Kilger, Krys Kolanos, Jarkko Ruutu, Matt Ellison, Konstantin Pushkarev
Senators
5 vs 5 Forward
Center Left Wing Right Wing Time % Phy DF OF
1 Gilbert Brule Niklas Hagman Stanislav Chistov 40 1 2 2
2 Andrew Murray Nikolai Kulemin Jack Skille 30 1 2 2
3 Josh Hennessy Travis Moen Steven Goertzen 20 1 2 2
4 Cody Hodgson Brett Sterling Jason King 10 1 2 2
5 vs 5 Defense
Defense Defense Time % Phy DF OF
1 Ryan Parent Vladimir Mihalik 40 1 2 2
2 Milan Jurcina Logan Stephenson 30 1 2 2
3 Clayton Stoner Erik Karlsson 20 1 2 2
4 Ryan Parent Vladimir Mihalik 10 1 2 2
PowerPlay Forward
Center Left Wing Right Wing Time % Phy DF OF
1 Gilbert Brule Niklas Hagman Stanislav Chistov 60 1 2 2
2 Josh Hennessy Nikolai Kulemin Steven Goertzen 40 1 2 2
PowerPlay Defense
Defense Defense Time % Phy DF OF
1 Ryan Parent Vladimir Mihalik 60 1 2 2
2 Milan Jurcina Logan Stephenson 40 1 2 2
Penalty Kill 4 Players Forward
Center Wing Time % Phy DF OF
1 Gilbert Brule Niklas Hagman 60 1 2 2
2 Nikolai Kulemin Stanislav Chistov 40 1 2 2
Penalty Kill 4 Players Defense
Defense Defense Time % Phy DF OF
1 Ryan Parent Vladimir Mihalik 60 1 2 2
2 Milan Jurcina Logan Stephenson 40 1 2 2
Penalty Kill - 3 Players Forward
Forward Time % Phy DF OF
1 Gilbert Brule 60 1 2 2
2 Niklas Hagman 40 1 2 2
Penalty Kill - 3 Players Defense
Defense Defense Time % Phy DF OF
1 Ryan Parent Vladimir Mihalik 60 1 2 2
2 Milan Jurcina Logan Stephenson 40 1 2 2
4 vs 4 Forward
Center Wing Time % Phy DF OF
1 Gilbert Brule Niklas Hagman 60 1 2 2
2 Nikolai Kulemin Stanislav Chistov 40 1 2 2
4 vs 4 Defense
Defense Defense Time % Phy DF OF
1 Ryan Parent Vladimir Mihalik 60 1 2 2
2 Milan Jurcina Logan Stephenson 40 1 2 2
Last Minutes Offensive
Center Left Wing Right Wing Defense Defense
Gilbert Brule Niklas Hagman Stanislav Chistov Ryan Parent Vladimir Mihalik
Last Minutes Defensive
Center Left Wing Right Wing Defense Defense
Gilbert Brule Niklas Hagman Stanislav Chistov Ryan Parent Vladimir Mihalik
Goaltenders
Starting : Jeff Deslauriers
Backup : Jacob Markstrom
Extra Forwards
Normal : Jack Skille, Jason King, Andrew Murray - PP : Jack Skille, Jason King - PK : Andrew Murray
Extra Defensemen
Normal : Clayton Stoner, Erik Karlsson, Milan Jurcina - PP : Clayton Stoner - PK : Erik Karlsson, Milan Jurcina
Penalty Shots
Gilbert Brule, Niklas Hagman, Nikolai Kulemin, Stanislav Chistov, Steven Goertzen
% Time on Ice - Sasquatch
Lines # - Real PCT - Wanted PCT - Time Play
Normal Forward
1 - 33% - 40% - 15:08
2 - 28% - 30% - 12:42
3 - 22% - 20% - 9:50
4 - 17% - 10% - 7:47
Normal Defense
1 - 37% - 40% - 16:51
2 - 34% - 30% - 15:31
3 - 22% - 20% - 10:04
4 - 7% - 10% - 3:01
PP Forward
1 - 55% - 60% - 5:40
2 - 45% - 40% - 4:39
PP Defense
1 - 54% - 60% - 5:33
2 - 46% - 40% - 4:46
PK Forward
1 - 76% - 60% - 3:13
2 - 24% - 40% - 1:01
PK Defense
1 - 87% - 60% - 3:41
2 - 13% - 40% - 0:33
PK3 Forward
1 - 0% - 60%
2 - 0% - 40%
PK3 Defense
1 - 0% - 60%
2 - 0% - 40%
44 Forward
1 - 0% - 60%
2 - 0% - 40%
44 Defense
1 - 0% - 60%
2 - 0% - 40%
Last Minute Offensive - 0:00
Last Minute Defensive - 0:00
Total
Forward - 60:00
Defense - 60:00
|
% Time on Ice - Senators
Lines # - Real PCT - Wanted PCT - Time Play
Normal Forward
1 - 39% - 40% - 17:33
2 - 27% - 30% - 12:07
3 - 19% - 20% - 8:49
4 - 15% - 10% - 6:58
Normal Defense
1 - 40% - 40% - 18:09
2 - 34% - 30% - 15:14
3 - 23% - 20% - 10:23
4 - 4% - 10% - 1:41
PP Forward
1 - 72% - 60% - 3:02
2 - 28% - 40% - 1:12
PP Defense
1 - 41% - 60% - 1:45
2 - 59% - 40% - 2:29
PK Forward
1 - 80% - 60% - 8:17
2 - 20% - 40% - 2:02
PK Defense
1 - 60% - 60% - 6:10
2 - 40% - 40% - 4:09
PK3 Forward
1 - 0% - 60%
2 - 0% - 40%
PK3 Defense
1 - 0% - 60%
2 - 0% - 40%
44 Forward
1 - 0% - 60%
2 - 0% - 40%
44 Defense
1 - 0% - 60%
2 - 0% - 40%
Last Minute Offensive - 0:00
Last Minute Defensive - 0:00
Total
Forward - 60:00
Defense - 60:00
|
Play by Play
1st period
0:01 of 1st period - Kevin Porter wins face-off versus Gilbert Brule in neutral zone.
0:14 of 1st period - Slapshot by Niklas Hagman.
0:14 of 1st period - Stopped by Cory Schneider without a rebound.
0:15 of 1st period - Andrew Murray wins face-off versus Chad Kilger in Sasquatch zone.
0:40 of 1st period - Matt Niskanen is hit by Logan Stephenson and loses puck.
1:09 of 1st period - Snap shot by Stanislav Chistov.
1:09 of 1st period - Shot Blocked by D.J King.
1:19 of 1st period - Snap shot by Jason King.
1:19 of 1st period - Deflect By Cody Hodgson.
1:19 of 1st period - Shot Misses the Net.
1:19 of 1st period - Puck is out of play.
1:20 of 1st period - Jiri Novotny wins face-off versus Cody Hodgson in Sasquatch zone.
1:45 of 1st period - Vladimir Mihalik is hit by Chad Kilger and loses puck.
2:00 of 1st period - Minor Penalty to Rostislav Klesla for Tripping.
2:01 of 1st period - Gilbert Brule wins face-off versus Kevin Porter in Sasquatch zone.
2:49 of 1st period - Icing by Milan Jurcina.
2:50 of 1st period - Kevin Porter wins face-off versus Gilbert Brule in Senators zone.
2:59 of 1st period - Snap shot by Jarkko Ruutu.
2:59 of 1st period - Stopped by Jeff Deslauriers with a rebound.
3:15 of 1st period - Snap shot by Gilbert Brule.
3:15 of 1st period - Stopped by Cory Schneider with a rebound.
3:47 of 1st period - Slapshot by Gilbert Brule.
3:47 of 1st period - Shot Misses the Net.
4:00 of 1st period - Penalty to Rostislav Klesla is over, Rostislav Klesla is back on ice.
4:03 of 1st period - Slapshot by Gilbert Brule.
4:03 of 1st period - Deflect By Stanislav Chistov.
4:03 of 1st period - Stopped by Cory Schneider without a rebound.
4:04 of 1st period - Andrew Murray wins face-off versus Derek Stepan in Sasquatch zone.
4:07 of 1st period - Wrist shot by Jack Skille.
4:07 of 1st period - Stopped by Cory Schneider without a rebound.
4:08 of 1st period - Andrew Murray wins face-off versus Derek Stepan in Sasquatch zone.
4:17 of 1st period - Snap shot by Matt Ellison.
4:17 of 1st period - Shot Blocked by Vladimir Mihalik.
4:22 of 1st period - Minor Penalty to Ryan Parent for High sticking.
4:23 of 1st period - Gilbert Brule wins face-off versus Kevin Porter in Senators zone.
6:22 of 1st period - Penalty to Ryan Parent is over, Ryan Parent is back on ice.
6:30 of 1st period - Ryan Parent is hit by Keith Yandle and loses puck.
6:45 of 1st period - Jiri Novotny is hit by Ryan Parent and loses puck.
7:11 of 1st period - Off-side.
7:12 of 1st period - Andrew Murray wins face-off versus Krys Kolanos in neutral zone.
8:00 of 1st period - Logan Stephenson is hit by Matt Ellison and loses puck.
8:15 of 1st period - Snap shot by Andrew Murray.
8:15 of 1st period - Stopped by Cory Schneider without a rebound.
8:16 of 1st period - Kevin Porter wins face-off versus Andrew Murray in Sasquatch zone.
8:21 of 1st period - Snap shot by Nikolai Kulemin.
8:21 of 1st period - Goal by Nikolai Kulemin - Sasquatch : 0 - Senators : 1.
8:22 of 1st period - Gilbert Brule wins face-off versus Kevin Porter in neutral zone.
8:37 of 1st period - Slapshot by D.J King.
8:37 of 1st period - Deflect By Niklas Hagman.
8:37 of 1st period - Shot Misses the Net.
8:37 of 1st period - Puck is out of play.
8:38 of 1st period - Josh Hennessy wins face-off versus Derek Stepan in Senators zone.
8:38 of 1st period - Josh Hennessy is hit by Jake Gardiner.
9:08 of 1st period - Gilbert Brule is hit by D.J King and loses puck.
9:50 of 1st period - Icing by Nikolai Kulemin.
9:51 of 1st period - Jiri Novotny wins face-off versus Andrew Murray in Senators zone.
10:04 of 1st period - Snap shot by Nikolai Kulemin.
10:04 of 1st period - Shot Blocked by Keith Yandle.
10:06 of 1st period - Wrist shot by Andrew Murray.
10:06 of 1st period - Deflect By Nikolai Kulemin.
10:06 of 1st period - Shot Misses the Net.
10:06 of 1st period - Puck is out of play.
10:07 of 1st period - Gilbert Brule wins face-off versus Kevin Porter in Sasquatch zone.
10:32 of 1st period - Matt Ellison is hit by Josh Hennessy and loses puck.
11:02 of 1st period - Icing by Rostislav Klesla.
11:03 of 1st period - Derek Stepan wins face-off versus Gilbert Brule in Sasquatch zone.
11:14 of 1st period - Slapshot by Chad Kilger.
11:14 of 1st period - Stopped by Jeff Deslauriers without a rebound.
11:15 of 1st period - Kevin Porter wins face-off versus Gilbert Brule in Senators zone.
11:18 of 1st period - Snap shot by Kevin Porter.
11:18 of 1st period - Goal by Kevin Porter - Sasquatch : 1 - Senators : 1.
11:19 of 1st period - Kevin Porter wins face-off versus Gilbert Brule in neutral zone.
11:43 of 1st period - Kevin Shattenkirk is hit by Stanislav Chistov and loses puck.
11:54 of 1st period - Vladimir Mihalik is hit by Kevin Porter and loses puck.
12:37 of 1st period - Gilbert Brule is hit by D.J King and loses puck.
12:48 of 1st period - Snap shot by Jakub Voracek.
12:48 of 1st period - Stopped by Jeff Deslauriers without a rebound.
12:49 of 1st period - Andrew Murray wins face-off versus Jarkko Ruutu in Senators zone.
12:55 of 1st period - Icing by Nikolai Kulemin.
12:56 of 1st period - Krys Kolanos wins face-off versus Andrew Murray in Senators zone.
13:29 of 1st period - Slapshot by Brett Sterling.
13:29 of 1st period - Shot Misses the Net.
13:31 of 1st period - Slapshot by Logan Stephenson.
13:31 of 1st period - Stopped by Cory Schneider without a rebound.
13:32 of 1st period - Derek Stepan wins face-off versus Andrew Murray in Sasquatch zone.
13:32 of 1st period - Derek Stepan is hit by Andrew Murray.
14:01 of 1st period - Wrist shot by Jiri Novotny.
14:01 of 1st period - Stopped by Jeff Deslauriers without a rebound.
14:02 of 1st period - Josh Hennessy wins face-off versus Krys Kolanos in Senators zone.
14:28 of 1st period - Minor Penalty to Jakub Voracek for Tripping.
14:29 of 1st period - Kevin Porter wins face-off versus Gilbert Brule in Sasquatch zone.
14:44 of 1st period - Snap shot by Gilbert Brule.
14:44 of 1st period - Goal by Gilbert Brule - Sasquatch : 1 - Senators : 2.
14:45 of 1st period - Gilbert Brule wins face-off versus Jakub Voracek in neutral zone.
14:54 of 1st period - Snap shot by Kevin Porter.
14:54 of 1st period - Shot Blocked by Clayton Stoner.
14:58 of 1st period - Slapshot by D.J King.
14:58 of 1st period - Stopped by Jeff Deslauriers without a rebound.
14:59 of 1st period - Andrew Murray wins face-off versus Derek Stepan in Senators zone.
15:49 of 1st period - Steven Goertzen is hit by Kevin Shattenkirk and loses puck.
16:05 of 1st period - Icing by Ryan Parent.
16:06 of 1st period - Jiri Novotny wins face-off versus Cody Hodgson in Senators zone.
16:07 of 1st period - Snap shot by Konstantin Pushkarev.
16:07 of 1st period - Stopped by Jeff Deslauriers with a rebound.
16:35 of 1st period - Icing by Rostislav Klesla.
16:36 of 1st period - Kevin Porter wins face-off versus Gilbert Brule in Sasquatch zone.
16:51 of 1st period - Wrist shot by Stanislav Chistov.
16:51 of 1st period - Stopped by Cory Schneider with a rebound.
17:20 of 1st period - Off-side.
17:21 of 1st period - Krys Kolanos wins face-off versus Cody Hodgson in neutral zone.
18:08 of 1st period - Snap shot by Matt Ellison.
18:08 of 1st period - Shot Blocked by Logan Stephenson.
18:14 of 1st period - Derek Stepan is hit by Logan Stephenson.
18:49 of 1st period - Logan Stephenson is hit by Matt Niskanen and loses puck.
19:16 of 1st period - Slapshot by Gilbert Brule.
19:16 of 1st period - Stopped by Cory Schneider with a rebound.
19:50 of 1st period - Nikolai Kulemin is hit by Keith Yandle and loses puck.
Goals for this period are 1 for Sasquatch vs 2 for Senators.
Shots for this period are 7 for Sasquatch vs 10 for Senators.
2nd period
0:01 of 2nd period - Gilbert Brule wins face-off versus Kevin Porter in neutral zone.
0:06 of 2nd period - Snap shot by Gilbert Brule.
0:06 of 2nd period - Deflect By Niklas Hagman.
0:06 of 2nd period - Stopped by Cory Schneider without a rebound.
0:07 of 2nd period - Stanislav Chistov wins face-off versus Kevin Porter in Sasquatch zone.
0:16 of 2nd period - Snap shot by Niklas Hagman.
0:16 of 2nd period - Stopped by Cory Schneider without a rebound.
0:17 of 2nd period - Gilbert Brule wins face-off versus Kevin Porter in Sasquatch zone.
0:18 of 2nd period - Wrist shot by Stanislav Chistov.
0:18 of 2nd period - Shot Blocked by D.J King.
0:20 of 2nd period - Wrist shot by Stanislav Chistov.
0:20 of 2nd period - Stopped by Cory Schneider with a rebound.
0:22 of 2nd period - Wrist shot by Gilbert Brule.
0:22 of 2nd period - Goal by Gilbert Brule - Sasquatch : 1 - Senators : 3.
0:23 of 2nd period - Jakub Voracek wins face-off versus Gilbert Brule in neutral zone.
0:30 of 2nd period - Wrist shot by D.J King.
0:30 of 2nd period - Shot Misses the Net.
0:48 of 2nd period - Matt Ellison is hit by Clayton Stoner and loses puck.
1:09 of 2nd period - Snap shot by Brett Sterling.
1:09 of 2nd period - Stopped by Cory Schneider without a rebound.
1:10 of 2nd period - Kevin Porter wins face-off versus Cody Hodgson in Sasquatch zone.
1:23 of 2nd period - Clayton Stoner is hit by D.J King and loses puck.
1:38 of 2nd period - Wrist shot by Jiri Novotny.
1:38 of 2nd period - Shot Misses the Net.
2:04 of 2nd period - Snap shot by Gilbert Brule.
2:04 of 2nd period - Shot Misses the Net.
2:23 of 2nd period - Off-side.
2:24 of 2nd period - Kevin Porter wins face-off versus Andrew Murray in neutral zone.
2:27 of 2nd period - Nikolai Kulemin is hit by Jakub Voracek and loses puck.
2:40 of 2nd period - Wrist shot by Nikolai Kulemin.
2:40 of 2nd period - Goal by Nikolai Kulemin - Sasquatch : 1 - Senators : 4.
2:40 of 2nd period - Anders Lindback enters game.
2:41 of 2nd period - Kevin Porter wins face-off versus Gilbert Brule in neutral zone.
2:44 of 2nd period - Wrist shot by D.J King.
2:44 of 2nd period - Shot Misses the Net.
3:06 of 2nd period - Nikolai Kulemin is hit by Jake Gardiner and loses puck.
3:34 of 2nd period - Backhand shot by Josh Hennessy.
3:34 of 2nd period - Stopped by Anders Lindback with a rebound.
3:58 of 2nd period - Wrist shot by Gilbert Brule.
3:58 of 2nd period - Goal by Gilbert Brule - Sasquatch : 1 - Senators : 5.
3:59 of 2nd period - Gilbert Brule wins face-off versus Kevin Porter in neutral zone.
4:08 of 2nd period - Snap shot by Niklas Hagman.
4:08 of 2nd period - Stopped by Anders Lindback with a rebound.
4:47 of 2nd period - Wrist shot by Josh Hennessy.
4:47 of 2nd period - Shot Misses the Net.
4:49 of 2nd period - Slapshot by Vladimir Mihalik.
4:49 of 2nd period - Shot Misses the Net.
5:01 of 2nd period - Minor Penalty to Matt Niskanen for Hooking.
5:02 of 2nd period - Stanislav Chistov wins face-off versus Kevin Porter in Sasquatch zone.
5:30 of 2nd period - Icing by Nikolai Kulemin.
5:31 of 2nd period - Josh Hennessy wins face-off versus Kevin Porter in Senators zone.
5:46 of 2nd period - Slapshot by Vladimir Mihalik.
5:46 of 2nd period - Deflect By Stanislav Chistov.
5:46 of 2nd period - Stopped by Anders Lindback with a rebound.
7:01 of 2nd period - Penalty to Matt Niskanen is over, Matt Niskanen is back on ice.
7:55 of 2nd period - Snap shot by Ryan Parent.
7:55 of 2nd period - Stopped by Anders Lindback with a rebound.
8:05 of 2nd period - Snap shot by Jason King.
8:05 of 2nd period - Stopped by Anders Lindback with a rebound.
8:07 of 2nd period - Wrist shot by Cody Hodgson.
8:07 of 2nd period - Shot Misses the Net.
8:15 of 2nd period - Wrist shot by Jason King.
8:15 of 2nd period - Shot Misses the Net.
8:17 of 2nd period - Snap shot by Vladimir Mihalik.
8:17 of 2nd period - Shot Blocked by Matt Niskanen.
8:19 of 2nd period - Slapshot by Ryan Parent.
8:19 of 2nd period - Stopped by Anders Lindback without a rebound.
8:20 of 2nd period - Kevin Porter wins face-off versus Stanislav Chistov in Sasquatch zone.
9:14 of 2nd period - Wrist shot by Jiri Novotny.
9:14 of 2nd period - Stopped by Jeff Deslauriers without a rebound.
9:15 of 2nd period - Kevin Porter wins face-off versus Gilbert Brule in Senators zone.
9:16 of 2nd period - Slapshot by Jakub Voracek.
9:16 of 2nd period - Stopped by Jeff Deslauriers without a rebound.
9:17 of 2nd period - D.J King wins face-off versus Gilbert Brule in Senators zone.
9:51 of 2nd period - Cody Franson is hit by Clayton Stoner.
10:51 of 2nd period - Snap shot by Konstantin Pushkarev.
10:51 of 2nd period - Stopped by Jeff Deslauriers without a rebound.
10:52 of 2nd period - Jiri Novotny wins face-off versus Andrew Murray in Senators zone.
11:15 of 2nd period - Gilbert Brule is hit by Jiri Novotny and loses puck.
11:24 of 2nd period - Snap shot by Stanislav Chistov.
11:24 of 2nd period - Shot Misses the Net.
11:26 of 2nd period - Snap shot by Vladimir Mihalik.
11:26 of 2nd period - Deflect By Niklas Hagman.
11:26 of 2nd period - Shot Misses the Net.
11:26 of 2nd period - Puck is out of play.
11:27 of 2nd period - Andrew Murray wins face-off versus Kevin Porter in Sasquatch zone.
11:30 of 2nd period - Slapshot by Ryan Parent.
11:30 of 2nd period - Stopped by Anders Lindback with a rebound.
11:58 of 2nd period - Snap shot by Chad Kilger.
11:58 of 2nd period - Stopped by Jeff Deslauriers without a rebound.
11:59 of 2nd period - Kevin Porter wins face-off versus Gilbert Brule in Senators zone.
12:02 of 2nd period - Snap shot by D.J King.
12:02 of 2nd period - Stopped by Jeff Deslauriers with a rebound.
12:11 of 2nd period - Minor Penalty to Milan Jurcina for Hooking.
12:12 of 2nd period - Kevin Porter wins face-off versus Gilbert Brule in Senators zone.
12:24 of 2nd period - Slapshot by Kevin Shattenkirk.
12:24 of 2nd period - Shot Misses the Net.
12:26 of 2nd period - Wrist shot by Chad Kilger.
12:26 of 2nd period - Goal by Chad Kilger - Sasquatch : 2 - Senators : 5.
12:27 of 2nd period - Kevin Porter wins face-off versus Gilbert Brule in neutral zone.
12:34 of 2nd period - Snap shot by Kevin Porter.
12:34 of 2nd period - Stopped by Jeff Deslauriers without a rebound.
12:35 of 2nd period - Kevin Porter wins face-off versus Gilbert Brule in Senators zone.
12:36 of 2nd period - Snap shot by Jakub Voracek.
12:36 of 2nd period - Shot Misses the Net.
12:38 of 2nd period - Wrist shot by Jakub Voracek.
12:38 of 2nd period - Deflect By Kevin Porter.
12:38 of 2nd period - Shot Blocked by Vladimir Mihalik.
12:38 of 2nd period - Puck is out of play.
12:39 of 2nd period - Kevin Porter wins face-off versus Stanislav Chistov in Senators zone.
13:15 of 2nd period - Snap shot by Matt Ellison.
13:15 of 2nd period - Shot Misses the Net.
13:27 of 2nd period - Slapshot by Matt Niskanen.
13:27 of 2nd period - Goal by Matt Niskanen - Sasquatch : 3 - Senators : 5.
13:28 of 2nd period - Kevin Porter wins face-off versus Niklas Hagman in neutral zone.
13:54 of 2nd period - Milan Jurcina is hit by Matt Ellison and loses puck.
14:13 of 2nd period - Minor Penalty to Milan Jurcina for Roughing.
14:14 of 2nd period - Gilbert Brule wins face-off versus Kevin Porter in Senators zone.
14:52 of 2nd period - Wrist shot by Matt Ellison.
14:52 of 2nd period - Deflect By Derek Stepan.
14:52 of 2nd period - Shot Blocked by Stanislav Chistov.
14:52 of 2nd period - Puck is out of play.
14:53 of 2nd period - Kevin Porter wins face-off versus Nikolai Kulemin in Senators zone.
15:53 of 2nd period - Slapshot by D.J King.
15:53 of 2nd period - Stopped by Jeff Deslauriers with a rebound.
16:03 of 2nd period - Wrist shot by D.J King.
16:03 of 2nd period - Shot Misses the Net.
16:13 of 2nd period - Penalty to Milan Jurcina is over, Milan Jurcina is back on ice.
16:31 of 2nd period - Slapshot by Milan Jurcina.
16:31 of 2nd period - Stopped by Anders Lindback with a rebound.
16:33 of 2nd period - Wrist shot by Clayton Stoner.
16:33 of 2nd period - Shot Misses the Net.
16:35 of 2nd period - Slapshot by Logan Stephenson.
16:35 of 2nd period - Deflect By Brett Sterling.
16:35 of 2nd period - Shot Blocked by Keith Yandle.
16:35 of 2nd period - Puck is out of play.
16:36 of 2nd period - Krys Kolanos wins face-off versus Josh Hennessy in Sasquatch zone.
17:37 of 2nd period - Krys Kolanos is hit by Jason King and loses puck.
17:44 of 2nd period - Slapshot by Erik Karlsson.
17:44 of 2nd period - Stopped by Anders Lindback with a rebound.
17:51 of 2nd period - Icing by Krys Kolanos.
17:52 of 2nd period - Andrew Gordon wins face-off versus Josh Hennessy in Sasquatch zone.
17:52 of 2nd period - Andrew Gordon is hit by Travis Moen.
18:02 of 2nd period - Logan Stephenson is hit by Kevin Shattenkirk and loses puck.
18:23 of 2nd period - Snap shot by Stanislav Chistov.
18:23 of 2nd period - Goal by Stanislav Chistov - Sasquatch : 3 - Senators : 6.
18:24 of 2nd period - Kevin Porter wins face-off versus Gilbert Brule in neutral zone.
18:33 of 2nd period - Snap shot by Jakub Voracek.
18:33 of 2nd period - Stopped by Jeff Deslauriers with a rebound.
18:35 of 2nd period - Slapshot by Jakub Voracek.
18:35 of 2nd period - Shot Blocked by Stanislav Chistov.
18:39 of 2nd period - Wrist shot by Jakub Voracek.
18:39 of 2nd period - Shot Misses the Net.
19:36 of 2nd period - Wrist shot by Jakub Voracek.
19:36 of 2nd period - Shot Misses the Net.
19:54 of 2nd period - Gilbert Brule is hit by Kevin Shattenkirk and loses puck.
Goals for this period are 2 for Sasquatch vs 4 for Senators.
Shots for this period are 10 for Sasquatch vs 17 for Senators.
3rd period
0:01 of 3rd period - Gilbert Brule wins face-off versus Kevin Porter in neutral zone.
0:01 of 3rd period - Gilbert Brule is hit by Kevin Porter.
1:13 of 3rd period - Snap shot by Krys Kolanos.
1:13 of 3rd period - Deflect By Andrew Gordon.
1:13 of 3rd period - Shot Blocked by Logan Stephenson.
1:13 of 3rd period - Puck is out of play.
1:14 of 3rd period - Cody Hodgson wins face-off versus Krys Kolanos in Senators zone.
1:29 of 3rd period - Slapshot by Milan Jurcina.
1:29 of 3rd period - Stopped by Anders Lindback with a rebound.
2:09 of 3rd period - Snap shot by Jason King.
2:09 of 3rd period - Shot Misses the Net.
2:11 of 3rd period - Slapshot by Erik Karlsson.
2:11 of 3rd period - Deflect By Jake Gardiner.
2:11 of 3rd period - Stopped by Anders Lindback without a rebound.
2:12 of 3rd period - Kevin Porter wins face-off versus Gilbert Brule in Sasquatch zone.
2:12 of 3rd period - Kevin Porter is hit by Gilbert Brule.
2:24 of 3rd period - Wrist shot by Kevin Porter.
2:24 of 3rd period - Stopped by Jeff Deslauriers without a rebound.
2:25 of 3rd period - Gilbert Brule wins face-off versus Kevin Porter in Senators zone.
2:25 of 3rd period - Gilbert Brule is hit by Kevin Porter.
2:37 of 3rd period - Wrist shot by Niklas Hagman.
2:37 of 3rd period - Shot Blocked by Matt Niskanen.
2:39 of 3rd period - Snap shot by Stanislav Chistov.
2:39 of 3rd period - Shot Misses the Net.
2:41 of 3rd period - Wrist shot by Stanislav Chistov.
2:41 of 3rd period - Stopped by Anders Lindback with a rebound.
2:51 of 3rd period - Chad Kilger is hit by Andrew Murray and loses puck.
3:24 of 3rd period - Slapshot by Kevin Shattenkirk.
3:24 of 3rd period - Stopped by Jeff Deslauriers without a rebound.
3:25 of 3rd period - Kevin Porter wins face-off versus Gilbert Brule in Senators zone.
3:26 of 3rd period - Snap shot by D.J King.
3:26 of 3rd period - Shot Blocked by Gilbert Brule.
3:28 of 3rd period - Slapshot by Kevin Porter.
3:28 of 3rd period - Shot Blocked by Gilbert Brule.
3:55 of 3rd period - Slapshot by Jake Gardiner.
3:55 of 3rd period - Deflect By Erik Karlsson.
3:55 of 3rd period - Stopped by Jeff Deslauriers with a rebound.
4:33 of 3rd period - Slapshot by Erik Karlsson.
4:33 of 3rd period - Shot Blocked by Chad Kilger.
4:35 of 3rd period - Slapshot by Niklas Hagman.
4:35 of 3rd period - Deflect By Stanislav Chistov.
4:35 of 3rd period - Stopped by Anders Lindback without a rebound.
4:36 of 3rd period - Matt Ellison wins face-off versus Gilbert Brule in Sasquatch zone.
4:36 of 3rd period - Matt Ellison is hit by Gilbert Brule.
4:44 of 3rd period - Slapshot by Gilbert Brule.
4:44 of 3rd period - Stopped by Anders Lindback with a rebound.
4:46 of 3rd period - Slapshot by Ryan Parent.
4:46 of 3rd period - Deflect By Niklas Hagman.
4:46 of 3rd period - Shot Blocked by Kevin Shattenkirk.
4:46 of 3rd period - Puck is out of play.
4:47 of 3rd period - Gilbert Brule wins face-off versus Kevin Porter in Sasquatch zone.
4:50 of 3rd period - Snap shot by Stanislav Chistov.
4:50 of 3rd period - Shot Misses the Net.
4:54 of 3rd period - Wrist shot by Stanislav Chistov.
4:54 of 3rd period - Stopped by Anders Lindback with a rebound.
5:02 of 3rd period - Snap shot by D.J King.
5:02 of 3rd period - Stopped by Jeff Deslauriers with a rebound.
5:38 of 3rd period - Matt Niskanen is hit by Steven Goertzen and loses puck.
5:49 of 3rd period - Snap shot by Josh Hennessy.
5:49 of 3rd period - Stopped by Anders Lindback without a rebound.
5:50 of 3rd period - Gilbert Brule wins face-off versus Kevin Porter in Sasquatch zone.
6:15 of 3rd period - Matt Ellison is hit by Andrew Murray and loses puck.
6:24 of 3rd period - Slapshot by Chad Kilger.
6:24 of 3rd period - Stopped by Jeff Deslauriers with a rebound.
6:40 of 3rd period - Josh Hennessy is hit by Kevin Shattenkirk.
6:54 of 3rd period - Slapshot by Jake Gardiner.
6:54 of 3rd period - Stopped by Jeff Deslauriers with a rebound.
7:02 of 3rd period - Slapshot by Jason King.
7:02 of 3rd period - Shot Misses the Net.
7:04 of 3rd period - Wrist shot by Brett Sterling.
7:04 of 3rd period - Shot Misses the Net.
7:21 of 3rd period - Minor Penalty to Logan Stephenson for Hooking.
7:22 of 3rd period - Gilbert Brule wins face-off versus Kevin Porter in Senators zone.
7:30 of 3rd period - Slapshot by Kevin Shattenkirk.
7:30 of 3rd period - Goal by Kevin Shattenkirk - Sasquatch : 4 - Senators : 6.
7:31 of 3rd period - D.J King wins face-off versus Gilbert Brule in neutral zone.
8:17 of 3rd period - Snap shot by Josh Hennessy.
8:17 of 3rd period - Stopped by Anders Lindback without a rebound.
8:18 of 3rd period - Josh Hennessy wins face-off versus Krys Kolanos in Sasquatch zone.
8:24 of 3rd period - Cody Franson is hit by Logan Stephenson and loses puck.
8:41 of 3rd period - Snap shot by Kevin Shattenkirk.
8:41 of 3rd period - Stopped by Jeff Deslauriers with a rebound.
8:43 of 3rd period - Snap shot by Kevin Shattenkirk.
8:43 of 3rd period - Shot Blocked by Steven Goertzen.
8:45 of 3rd period - Slapshot by Jarkko Ruutu.
8:45 of 3rd period - Shot Misses the Net.
8:57 of 3rd period - Wrist shot by Andrew Gordon.
8:57 of 3rd period - Shot Misses the Net.
8:59 of 3rd period - Wrist shot by Jarkko Ruutu.
8:59 of 3rd period - Stopped by Jeff Deslauriers with a rebound.
9:01 of 3rd period - Snap shot by Jarkko Ruutu.
9:01 of 3rd period - Stopped by Jeff Deslauriers without a rebound.
9:02 of 3rd period - Gilbert Brule wins face-off versus Kevin Porter in Senators zone.
9:04 of 3rd period - Minor Penalty to Niklas Hagman for Holding.
9:05 of 3rd period - Kevin Porter wins face-off versus Gilbert Brule in Senators zone.
11:04 of 3rd period - Penalty to Niklas Hagman is over, Niklas Hagman is back on ice.
11:14 of 3rd period - Wrist shot by Jiri Novotny.
11:14 of 3rd period - Stopped by Jeff Deslauriers without a rebound.
11:15 of 3rd period - Josh Hennessy wins face-off versus Jiri Novotny in Senators zone.
11:15 of 3rd period - Josh Hennessy is hit by Konstantin Pushkarev.
11:43 of 3rd period - Snap shot by Krys Kolanos.
11:43 of 3rd period - Deflect By Andrew Gordon.
11:43 of 3rd period - Shot Blocked by Erik Karlsson.
11:43 of 3rd period - Puck is out of play.
11:44 of 3rd period - Krys Kolanos wins face-off versus Gilbert Brule in Senators zone.
12:07 of 3rd period - Minor Penalty to Clayton Stoner for Cross-checking.
12:08 of 3rd period - Kevin Porter wins face-off versus Gilbert Brule in Senators zone.
12:47 of 3rd period - Off-side.
12:48 of 3rd period - Gilbert Brule wins face-off versus Kevin Porter in neutral zone.
13:32 of 3rd period - Backhand shot by Kevin Porter.
13:32 of 3rd period - Stopped by Jeff Deslauriers with a rebound.
14:07 of 3rd period - Penalty to Clayton Stoner is over, Clayton Stoner is back on ice.
14:24 of 3rd period - Snap shot by Jiri Novotny.
14:24 of 3rd period - Shot Misses the Net.
14:26 of 3rd period - Wrist shot by John McCarthy.
14:26 of 3rd period - Shot Blocked by Clayton Stoner.
14:28 of 3rd period - Slapshot by John McCarthy.
14:28 of 3rd period - Stopped by Jeff Deslauriers with a rebound.
14:30 of 3rd period - Slapshot by Matt Niskanen.
14:30 of 3rd period - Shot Blocked by Milan Jurcina.
15:00 of 3rd period - Snap shot by Matt Ellison.
15:00 of 3rd period - Shot Misses the Net.
15:02 of 3rd period - Minor Penalty to Gilbert Brule for High sticking.
15:03 of 3rd period - Kevin Porter wins face-off versus Andrew Murray in Senators zone.
17:02 of 3rd period - Penalty to Gilbert Brule is over, Gilbert Brule is back on ice.
17:11 of 3rd period - Niklas Hagman is hit by Jarkko Ruutu and loses puck.
18:54 of 3rd period - Icing by Vladimir Mihalik.
18:55 of 3rd period - Matt Ellison wins face-off versus Stanislav Chistov in Senators zone.
19:14 of 3rd period - Gilbert Brule is hit by Cody Franson and loses puck.
19:49 of 3rd period - Erik Karlsson is hit by Andrew Gordon and loses puck.
Goals for this period are 1 for Sasquatch vs 0 for Senators.
Shots for this period are 13 for Sasquatch vs 8 for Senators.
Output by the SimonT Hockey Simulator (STHS) for François Prévost -- Original Page W3C XHTML 1.0 Valid